cohdb
Replays
Latest Replays
All Replays
Popular Replays
Top Player Replays
Match Explorer
How It Works
Community
CoH3 Stats
Reddit
Sign in to upload your games and track your stats! →
Sign in with Steam
Match 46814888
Unlisted
Match 46814888
Overview
Messages
Build Orders
End
Panzergrenadier Squad
Selects Italian Infantry
Panzerpioneer Squad
Panzergrenadier Squad
Construct Light Support Kompanie
Panzerjäger Squad
2.5-tonne Medical Truck
Construct Mechanized Kompanie
Selects Guastatori Squad
Guastatori Squad
Selects Sound the Alarm
Marder III Tank Destroyer
Guastatori Squad
8 Rad Armored Car
Selects Registered Artillery
Marder III Tank Destroyer
Selects Towed Cannone da 105/28 Field Howitzer
Tungsten Core Ammunition
Construct Panzerarmee Kommand
Registered Artillery
Panzer III L Medium Tank
Advanced Field Repairs
Registered Artillery
Vehicle Survival Package
Selects Territory Booby Traps
Selects Obice 305mm Barrage
Panzer III L Medium Tank
Obice 305mm Barrage
Guastatori Squad
Panzer III L Medium Tank
Marder III Tank Destroyer
Registered Artillery
Marder III Tank Destroyer
Obice 305mm Barrage
Panzer III L Medium Tank
Sound the Alarm
Registered Artillery
Marder III Tank Destroyer
Marder III Tank Destroyer
♠♣ Kvothe ♠♣
jonjieamor07
0
0
Comments
sign in to comment!
No comments posted yet!